 Seeded DCSS version 0.30-a0-534-gdc55766716 (webtiles) character file.

Game seed: 15565266575585844804 (custom seed)

72 innerfire433 the Trooper (level 4, -4/35 HPs)
             Began as a Demonspawn Monk on Dec 24, 2022.
             Slain by an iguana (11 damage)
             ... on level 4 of the Dungeon.
             The game lasted 00:03:39 (2013 turns).

innerfire433 the Trooper (Demonspawn Monk)          Turns: 2013, Time: 00:03:40

Health: -4/35      AC: 13    Str: 13    XL:     4   Next: 7%
Magic:  4/4        EV:  4    Int: 18    God:
Gold:   175        SH:  0    Dex: 15    Spells: 3/3 levels left

rFire   . . .      SeeInvis .    a - +0 short sword
rCold   . . .      Faith    .    (no shield)
rNeg    . . .      Spirit   .    l - +0 plate armour
rPois   +          Reflect  .    (no helmet)
rElec   .          Harm     .    (no cloak)
rCorr   .          Rampage  .    (no gloves)
Will    .....                    k - +0 pair of boots Stlth
                                 (no amulet)
HPRegen 0.25/turn                g - +6 ring of intelligence
MPRegen 0.09/turn                o - ring of poison resistance

@: no status effects
A: molten scales 1, demonic touch 1
a: no special abilities


You were on level 4 of the Dungeon.
You visited 1 branch of the dungeon, and saw 4 of its levels.

You collected 175 gold pieces.

Inventory:

Hand Weapons
 a - a +0 short sword (weapon)
Armour
 b - a +0 robe
 k - a +0 pair of boots (worn)
 l - a +0 plate armour (worn)
Jewellery
 g - a +6 ring of intelligence (left hand)
 o - a ring of poison resistance (right hand)
Scrolls
 c - a scroll of silence {unknown}
 h - 4 scrolls of identify {unknown}
 i - 2 scrolls of amnesia {unknown}
 m - a scroll of vulnerability {unknown}
 n - a scroll of teleportation {unknown}
 q - a scroll of fog {unknown}
 r - a scroll of enchant armour {unknown}
 s - a scroll of magic mapping {unknown}
Potions
 d - a potion of flight {unknown}
 e - a potion of brilliance {unknown}
 f - a potion of curing {unknown}
 j - a potion of might {unknown}
 p - 2 potions of lignification {unknown}
 t - a potion of haste {unknown}


   Skills:
 + Level 3.4 Fighting
 + Level 3.1 Short Blades
 * Level 1.9 Armour
 + Level 3.1 Dodging
 - Level 1.7 Stealth


You had 3 spell levels left.
You didn't know any spells.
Your spell library contained the following spells:

 Spells                   Type           Power      Damage    Failure   Level
 Dazzling Flash           Conj/Hex       0%         N/A       100%        3
 Tukima's Dance           Hex            0%         N/A       100%        3
 Ice Form                 Ice/Tmut       0%         N/A       100%        4


Dungeon Overview and Level Annotations

Branches:
Dungeon (4/15)
 Temple: D:4-7

Altars:
Hepliaklqana

Annotations:
D:3 2 transporters


Innate Abilities, Weirdness & Mutations

You are partially covered in molten scales. (AC +2)
Your touch may inflict minor irresistible damage on your foes.


Message History

The iguana is lightly wounded.
The iguana bites you.
You hit the iguana but do no damage.
The iguana is lightly wounded.
You hit the iguana but do no damage.
The iguana is lightly wounded.
The iguana bites you but does no damage.
You barely miss the iguana. Your touch misses the iguana.
The iguana is lightly wounded.
The iguana bites you.
You hit the iguana but do no damage.
The iguana is lightly wounded.
The iguana bites you!
You hit the iguana but do no damage.
The iguana is lightly wounded.
The iguana bites you but does no damage.
You barely miss the iguana.
The iguana is lightly wounded.
The iguana bites you.
You hit the iguana but do no damage.
The iguana is lightly wounded.
The iguana barely misses you.
You closely miss the iguana.
The iguana is lightly wounded.
The iguana bites you!
* * * LOW HITPOINT WARNING * * *
You barely miss the iguana. Your touch misses the iguana.
The iguana is lightly wounded.
The iguana bites you but does no damage.
You hit the iguana. Your touch misses the iguana.
You punch the iguana, but do no damage.
The iguana is moderately wounded.
You hit the iguana but do no damage.
The iguana is moderately wounded.
The iguana bites you.
* * * LOW HITPOINT WARNING * * *
You hit the iguana.
You touch the iguana!
The iguana is severely wounded.
The iguana bites you!
You die...

....## ##...####
###+###..###.......#
#~~.~~##.>..........
#~#.#~#..##.....|...
+.._..'.###.........
#~#.#~#####.........
#~~.~~# #..........
###'### #......####
#@# ########
.......l..#
...........# ##
............# #.
............# ##.
..........### ## #..
........### #######.
#####.. ......###
#....... .......##
##......


You could see an iguana.

Vanquished Creatures
  An adder (D:2)
  A worm (D:2)
  2 orcs (D:3)
  7 bats
  4 endoplasms
  2 giant cockroaches (D:1)
  4 goblins (D:1)
  7 hobgoblins
  8 jackals
  A quokka (D:3)
  4 ball pythons
  A frilled lizard (D:2)
  6 kobolds
  6 rats
54 creatures vanquished.

Notes
Turn   | Place    | Note
-------+----------+-------------------------------------------
     0 | D:1      | innerfire433 the Demonspawn Monk began the quest for the
                  | Orb.
     0 | D:1      | Reached XP level 1. HP: 18/18 MP: 1/1
   115 | D:1      | Got Tekker's Commentary on Moulding and Hexing
   169 | D:1      | Gained mutation: Your touch may inflict minor irresistible
                  | damage on your foes. [demonic ancestry]
   169 | D:1      | Reached XP level 2. HP: 24/24 MP: 2/2
   209 | D:1      | Reached skill level 1 in Armour
   867 | D:2      | Reached XP level 3. HP: 29/29 MP: 3/3
   966 | D:2      | Found a faded altar of an unknown god.
   966 | D:2      | Noticed a hellion
  1489 | D:3      | Found a transporter.
  1509 | D:3      | Found a transporter.
  1860 | D:4      | Gained mutation: You are partially covered in molten
                  | scales. (AC +2) [demonic ancestry]
  1860 | D:4      | Reached XP level 4. HP: 35/35 MP: 4/4
  1992 | D:4      | Found a hazy altar of Hepliaklqana.
  2013 | D:4      | Slain by an iguana

Illustrated notes

Levels and vault maps discovered:
D:1:      eino_arrival_druids_welcome, layout_loops_ring
D:2:      layout_rooms, dreamdust_ecumenical_altar_sealed_demon,
          minmay_split_cup_large
D:3:      gammafunk_steamed_eel, layout_rooms, chequers_serial_rivers_room_b,
          chequers_jeans
D:4:      layout_cave_pods, nicolae_wu_jian_wuxing_cycle, kennysheep_little_box,
          serial_shops, shop

Skill      XL: |  1  2  3 |
---------------+----------+-----
Armour         | 1 |  1.9
Short Blades   | 3 |  3.1
Dodging        | 3 |  3.1
Fighting       | |  3.4
Stealth        | |  1.7

Action                   |  1- 3 |  4- 6 || total
-------------------------+-------+-------++-------
Melee: Short sword       |   143 |    27 ||   170
       Punch             |     2 |     1 ||     3
       Touch             |    24 |     3 ||    27
  Use: Potion            |     1 |       ||     1
 Stab: Sleeping          |     5 |       ||     5
Armor: Robe              |    14 |       ||    14
       Plate armour      |    53 |    12 ||    65
Dodge: Dodged            |    80 |     6 ||    86

Table legend: (Time is in decaauts)
 A = Elapsed time spent in this place.
 B = Non-inter-level travel time spent in this place.
 C = Inter-level travel time spent in this place.
 D = Time resting spent in this place.
 E = Time spent auto-exploring this place.
 F = Levels seen in this place.
 G = Mean time per level.
                   A        B        C        D        E       F      G
               +--------+--------+--------+--------+--------+-----+--------+
         Total |   1988 |   1983 |      5 |      0 |   1391 |   4 |  497.0 |
       Dungeon |   1988 |   1983 |      5 |      0 |   1391 |   4 |  497.0 |
               +--------+--------+--------+--------+--------+-----+--------+

Top non-repeatable levels by time:
     D:1: 851 daAuts
     D:3: 485 daAuts
     D:2: 483 daAuts
     D:4: 167 daAuts
